 Dungeon Crawl Stone Soup version 0.29-a0-275-g389c0b56f3 (webtiles) character file.

Game seed: 17295139991234628722

30 Anunax the Scratcher (level 3, 0/15 HPs)
             Began as a Felid Transmuter on Mar 10, 2022.
             Slain by a giant cockroach (1 damage)
             ... on level 2 of the Dungeon.
             The game lasted 00:06:46 (1656 turns).

Anunax the Scratcher (Felid Transmuter)             Turns: 1656, Time: 00:06:46

Health: 0/15       AC:  1    Str:  8    XL:     3   Next: 5%
Magic:  1/7        EV: 17    Int: 14    God:
Gold:   82         SH:  0    Dex: 16    Spells: 4/6 levels left
                                        Lives:  0   Deaths: 0

rFire   . . .      SeeInvis +     - Unarmed
rCold   . . .      Faith    .   (shield unavailable)
rNeg    . . .      Spirit   .   (body armour unavailable)
rPois   .          Reflect  .   (helmet unavailable)
rElec   .          Harm     .   (cloak unavailable)
rCorr   .          Rampage  .   (gloves unavailable)
Will    .....                   (boots unavailable)
Stlth   ++........              (no amulet)
HPRegen 0.05/turn               (no ring)
MPRegen 0.10/turn               (no ring)

@: very slightly contaminated, quick
A: very small, claws 1, fangs 3, see invisible, speed 1, shaggy fur 1, stealthy
paws, no weapons or thrown items, no armour, multi-lived
a: no special abilities


You were on level 2 of the Dungeon.
You visited 1 branch of the dungeon, and saw 2 of its levels.

You collected 82 gold pieces.

Inventory:

Scrolls
 b - a scroll of fog {unknown}
 c - a scroll of identify {unknown}
 d - a scroll of vulnerability {unknown}
 g - a scroll of teleportation {unknown}
Potions
 a - a potion of lignification
 e - a potion of curing {unknown}
 f - 2 potions of might {unknown}
 h - 2 potions of ambrosia {unknown}


   Skills:
 + Level 1.0 Fighting
 + Level 3.1 Dodging
 + Level 0.4 Stealth
 + Level 3.6 Unarmed Combat
 + Level 2.3 Spellcasting
 + Level 2.3 Transmutations


You had 4 spell levels left.
You knew the following spells:

 Your Spells              Type           Power      Damage    Failure   Level
a - Beastly Appendage     Tmut           16%        N/A       9%          1
b - Sting                 Tmut/Pois      16%        1d3       14%         1

Your spell library contained the following spells:

 Spells                   Type           Power      Damage    Failure   Level
 Wereblood                Tmut           8%         N/A       13%         2
 Poisonous Vapours        Pois/Air       2%         N/A       34%         2
 Spider Form              Tmut/Pois      4%         N/A       38%         3
 Ice Form                 Ice/Tmut       4%         N/A       80%         4
 Olgreb's Toxic Radiance  Pois           1%         N/A       92%         4


Dungeon Overview and Level Annotations

Branches:
Dungeon (2/15)

Altars:
Fedhas

Annotations:
D:2 Sigmund


Innate Abilities, Weirdness & Mutations

You have sharp claws.
You have razor-sharp teeth.
You have supernaturally acute eyesight. (SInv)
You cover ground quickly. (Speed+)
You are covered in fur. (AC +1)
Your paws help you pounce on unaware monsters.
You are incapable of wielding weapons or throwing items.
You cannot wear armour.
You gain extra lives every three experience levels.


Message History

Confirm with . or Enter, or press ? or * to list all spells.
Aiming: Sting (safe; 14% risk of failure)
Press: ? - help, Shift-Dir - straight line, f/p - Sigmund
Aim: Sigmund, wielding a +4 scythe of flaming and wearing a +0 robe (lightly wounded, poisoned, 60% to hit)
The sting misses Sigmund.
Sigmund completely misses you.
Casting: Sting (safe; 14% risk of failure)
Confirm with . or Enter, or press ? or * to list all spells.
Aiming: Sting (safe; 14% risk of failure)
Press: ? - help, Shift-Dir - straight line, f/p - Sigmund
Aim: Sigmund, wielding a +4 scythe of flaming and wearing a +0 robe (lightly wounded, poisoned, 60% to hit)
You miscast Sting.
You are very lightly contaminated with residual magic.
Nothing appears to happen.
The giant cockroach misses you.
The giant cockroach attacks as you move away!
The giant cockroach bites you.
The giant cockroach attacks as you move away!
The giant cockroach misses you.
Sigmund looks more healthy.
Casting: Sting (safe; 14% risk of failure)
Confirm with . or Enter, or press ? or * to list all spells.
Aiming: Sting (safe; 14% risk of failure)
Press: ? - help, Shift-Dir - straight line, f/p - Sigmund
Aim: Sigmund, wielding a +4 scythe of flaming and wearing a +0 robe (lightly wounded, 60% to hit)
You miscast Sting.
Nothing appears to happen.
The giant cockroach completely misses you.
Sigmund gestures wildly while chanting.
Sigmund flickers and vanishes for a moment.
Casting: Sting (safe; 14% risk of failure)
Confirm with . or Enter, or press ? or * to list all spells.
Aiming: Sting (safe; 14% risk of failure)
Press: ? - help, Shift-Dir - straight line, f/p - Sigmund
Aim: Sigmund, wielding a +4 scythe of flaming and wearing a +0 robe (lightly wounded, slightly transparent, 60% to hit)
You miscast Sting.
Nothing appears to happen.
The giant cockroach misses you.
Sigmund hits you from afar with a +4 scythe of flaming!
Ouch! That really hurt!
* * * LOW HITPOINT WARNING * * *
Sigmund burns you.
* * * LOW HITPOINT WARNING * * *
The giant cockroach attacks as you move away!
The giant cockroach bites you.
You die...

### ## #.. ..#.# # .
.#.####.# . .....#.###
.. #.#...... .#.
#@#..#.# ..# #.B....#
.# ## ###@...# #. #.##
#.##.# # .###...#...
#.##@##.# #.#....#....
#..[....# ............
####.#### ............
..# #.#
...............######.#


You could see Sigmund (invisible) and a giant cockroach.

Vanquished Creatures
  3 endoplasms
  5 goblins (D:1)
  6 hobgoblins (D:1)
  2 jackals (D:2)
  A quokka (D:1)
  3 bats
  A frilled lizard (D:1)
  3 kobolds (D:1)
  A rat (D:1)
25 creatures vanquished.

Notes
Turn   | Place    | Note
-------+----------+-------------------------------------------
     0 | D:1      | Anunax the Felid Transmuter began the quest for the Orb.
     0 | D:1      | Reached XP level 1. HP: 9/9 MP: 4/4
   390 | D:1      | Reached XP level 2. HP: 12/12 MP: 4/6
  1278 | D:1      | Found a faded altar of an unknown god.
  1459 | D:2      | Found a blossoming altar of Fedhas.
  1478 | D:2      | Reached XP level 3. HP: 11/15 MP: 5/7
  1597 | D:2      | Learned a level 1 spell: Sting
  1637 | D:2      | Noticed Sigmund
  1656 | D:2      | Slain by a giant cockroach

Illustrated notes

Levels and vault maps discovered:
D:1:      heliophobic_arrival_enchanted_forest, layout_basic,
          dilly_ecumenical_altar_fadedgnrine, fountainhead
D:2:      layout_loops_cross, basic_altar, uniq_sigmund

Skill      XL: |  1  2 |
---------------+-------+-----
Dodging        | 3 |  3.1
Fighting       | |  1.0
Stealth        | |  0.4
Unarmed Combat | |  3.6
Spellcasting   | |  2.3
Transmutations | |  2.3

Action                   || total
-------------------------++-------
Melee: Unarmed           ||    57
       Headbutt          ||     9
       Punch             ||     1
 Cast: Beastly Appendage ||    11
       Sting             ||     4
 Stab: Sleeping          ||     1
Armor: Skin              ||     2
Dodge: Dodged            ||    41

Table legend: (Time is in decaauts)
 A = Elapsed time spent in this place.
 B = Non-inter-level travel time spent in this place.
 C = Inter-level travel time spent in this place.
 D = Time resting spent in this place.
 E = Time spent auto-exploring this place.
 F = Levels seen in this place.
 G = Mean time per level.
                   A        B        C        D        E       F      G
               +--------+--------+--------+--------+--------+-----+--------+
         Total |   1475 |   1475 |      0 |    429 |    848 |   2 |  737.5 |
       Dungeon |   1475 |   1475 |      0 |    429 |    848 |   2 |  737.5 |
               +--------+--------+--------+--------+--------+-----+--------+

Top non-repeatable levels by time:
     D:1: 1293 daAuts
     D:2: 182 daAuts
